Map: Year Zero LE

Players

goblin

  • Race: Protoss Protoss
  • Spawn Location: 1:00

PtitDrogo - Winner!

  • Race: Protoss Protoss
  • Spawn Location: 11:00

Event: 2019 WCS Spring

VOD

Have the link to the VOD?

Description

Time

  • Played on: May 18, 2019, 1:40 p.m.
  • Length: 10:44

All games in this series

Show
View Real Time Build Order
Export as new Build Order

goblin Protoss 

Build Orders: Phoenix Opening, Archon Immortal 

Get SALT Encoding   

  12  0:00  Probe  
  13  0:12  Probe  
  14  0:18  Pylon  
  14  0:24  Probe  
  15  0:32  Probe  
  15  0:38  Gateway  
  15  0:40  Probe  
  16  0:47  Assimilator  
  17  0:51  Probe  
  18  0:57  Assimilator  
  18  0:59  Probe  
  19  1:07  Probe  
  19  1:13  Gateway  
  19  1:17  Probe  
  21  1:26  Cybernetics Core  
  21  1:30  Probe  
  22  1:41  Pylon  
  22  1:42  Probe  
  23  1:51  Pylon  
  24  2:02  Adept x2  
  27  2:16  Stargate  
  27  2:21  Probe  
  28  2:24  Warp Gate  
  28  2:33  Adept  
  30  2:43  Robotics Facility  
  30  2:44  Shield Battery  
  30  2:51  Phoenix  
  32  3:16  Phoenix  
  34  3:29  Nexus  
  34  3:33  Phoenix  
  34  3:44  Probe  
  37  3:49  Pylon  
  37  3:56  Probe  
  38  4:07  Phoenix  
  38  4:08  Probe  
  41  4:16  Probe  
  41  4:18  Observer  
  41  4:22  Pylon  
  43  4:26  Probe  
  44  4:32  Phoenix  
  44  4:38  Probe  
  46  4:46  Probe  
  46  4:50  Probe  
  46  4:52  Stalker  
  50  5:00  Probe  
  50  5:02  Phoenix  
  50  5:03  Probe  
  50  5:14  Probe  
  50  5:20  Probe  
  49  5:22  Probe  
  49  5:24  Immortal  
  55  5:30  Probe  
  55  5:31  Phoenix  
  55  5:32  Probe  
  59  5:42  Probe  
  60  5:44  Probe  
  60  5:47  Observer, Pylon  
  61  5:54  Immortal, Probe  
  62  6:00  Phoenix  
  62  6:02  Probe  
  67  6:06  Probe  
  67  6:07  Assimilator  
  67  6:09  Pylon  
  68  6:14  Probe  
  68  6:18  Probe  
  70  6:21  Assimilator  
  70  6:25  Phoenix, Immortal  
  72  6:36  Observer  
  76  6:40  Pylon  
  76  6:47  Observer  
  76  6:49  Twilight Council, Gateway  
  76  6:50  Gateway  
  76  6:55  Immortal, Probe x2  
  76  6:56  Pylon  
  82  7:24  Adept x2  
  82  7:25  Resonating Glaives  
  82  7:26  Immortal  
  86  7:34  Gateway  
  86  7:35  Pylon  
  86  7:36  Gateway  
  86  7:43  Sentry  
  91  7:57  Gateway, Warp Prism  
  91  8:00  Gateway  
  91  8:01  Pylon  
  93  8:07  Templar Archives  
  93  8:15  Adept x3  
  93  8:18  Adept  
  99  8:35  Adept  
  99  8:36  Adept x4  
  99  8:40  Pylon  
  109  9:05  Adept x4  
  109  9:06  Adept  
  93  9:23  Adept x2  
  93  9:24  Immortal, Adept  
  77  9:44  High Templar x4, Adept  
  77  9:45  Adept x3  
  93  9:50  Archon  
  93  9:51  Archon  
  93  10:00  Warp Prism  
  95  10:09  Zealot x2, High Templar x2  
  95  10:13  Archon  
  103  10:16  Pylon  
  95  10:24  Adept  
  95  10:25  Adept x3  
Show
View Real Time Build Order
Export as new Build Order

PtitDrogo Protoss - Winner!

Build Orders: Zealot Archon 

Get SALT Encoding   

  12  0:00  Probe  
  13  0:12  Probe  
  14  0:19  Pylon  
  14  0:24  Probe  
  15  0:33  Probe  
  15  0:40  Gateway  
  15  0:41  Probe  
  16  0:47  Assimilator  
  17  0:51  Probe  
  17  0:55  Assimilator  
  18  0:59  Probe  
  19  1:07  Probe  
  19  1:15  Gateway  
  19  1:17  Probe  
  21  1:26  Cybernetics Core  
  21  1:29  Probe  
  22  1:38  Pylon  
  22  1:41  Probe  
  23  1:53  Warp Gate  
  23  1:56  Probe  
  24  2:03  Stalker, Sentry  
  28  2:09  Probe  
  28  2:14  Pylon  
  29  2:21  Probe  
  30  2:25  Pylon  
  30  2:32  Stalker  
  30  2:34  Stalker  
  34  2:55  Nexus  
  34  2:58  Probe  
  35  3:05  Pylon  
  35  3:11  Shield Battery  
  35  3:23  Probe  
  36  3:32  Robotics Facility  
  36  3:34  Forge  
  36  3:35  Probe  
  37  3:42  Adept  
  37  3:44  Adept  
  41  3:50  Probe  
  42  4:01  Probe  
  43  4:04  Sentry x2  
  43  4:07  Probe  
  43  4:09  Probe  
  47  4:15  Probe  
  47  4:16  Protoss Ground Weapons Level 1  
  47  4:17  Probe  
  47  4:21  Observer  
  50  4:25  Probe  
  50  4:28  Probe  
  50  4:30  Stalker  
  51  4:33  Stalker  
  51  4:37  Probe  
  54  4:40  Probe  
  55  4:49  Probe  
  57  4:52  Probe  
  57  4:55  Stalker  
  57  4:56  Stalker  
  60  5:01  Probe  
  60  5:04  Probe  
  61  5:09  Twilight Council  
  61  5:10  Assimilator  
  61  5:13  Probe  
  62  5:19  Probe  
  61  5:23  Probe  
  61  5:27  Probe  
  61  5:30  Assimilator  
  61  5:31  Probe  
  60  5:35  Probe  
  60  5:40  Probe  
  60  5:41  Pylon  
  61  5:48  Templar Archives  
  62  5:54  Probe  
  62  5:55  Probe  
  60  6:02  Charge  
  60  6:03  Gateway  
  58  6:06  Gateway  
  58  6:07  Probe x2  
  58  6:08  Gateway  
  60  6:14  Gateway  
  60  6:19  Probe x2  
  60  6:21  Stalker  
  60  6:24  Warp Prism  
  64  6:27  Stalker  
  64  6:29  Protoss Ground Weapons Level 2  
  64  6:31  Probe  
  69  6:44  Probe  
  66  6:48  Probe  
  67  6:57  Pylon  
  67  6:58  Observer, Gateway  
  67  6:59  Gateway  
  67  7:06  High Templar  
  69  7:09  Nexus  
  69  7:10  Pylon, Warp Prism  
  64  7:31  Probe x2  
  64  7:36  High Templar x4  
  74  7:41  Archon x2  
  74  7:43  Probe  
  75  7:54  Pylon  
  75  7:55  Pylon  
  75  7:56  Zealot x4  
  83  8:13  Gateway  
  83  8:15  High Templar x2  
  83  8:16  Zealot x2  
  91  8:24  High Templar x2  
  91  8:25  Zealot x2  
  99  8:29  Archon  
  91  8:36  Archon  
  91  8:42  Zealot x2  
  91  8:46  Zealot x2  
  99  8:49  Zealot x2  
  103  8:59  High Templar x2  
  97  9:05  Zealot x2, Archon  
  97  9:07  Zealot x3  
  93  9:11  Zealot  
  93  9:14  Probe  
  93  9:16  Zealot  
  91  9:17  Probe  
  69  9:37  Zealot x6  
  77  9:46  High Templar x3  
  77  9:50  Archon  
  83  9:55  High Templar  
  83  9:57  Zealot x4  
  83  9:58  Zealot  
  95  10:02  Archon  
  95  10:08  Zealot  
  95  10:09  Zealot x2  
  91  10:24  Zealot x6  
  81  10:38  Zealot x3  
Tags
 
Add a new tag
Caveats
  • Supply blocks, unpowered buildings, or Contaminate may cause inaccurate times.
  • Supply counts are checked every 10 seconds.